General information
- name: BNet
- type: Ladder team game (AT/RT)
- host: Battle.net
- saver: christmaswig
map: FullScaleAssault
- players: 8
- length: 34:15
- speed: Fast
- version: 1.26 W3XP
- replay type: Public
» download(316 KB)
Players
team 1 (loser)
nightfir3 (
purple | 70 APM | 2396 actions | 34:13)
4 Death Knight
2 Death Coil
2 Unholy Aura
2 Lich
1 Frost Nova
1 Dark Ritual
» actions
| Assign group hotkey | 67 | |
| Basic commands | 28 | |
| Build / train | 72 | |
| Enter build submenu | 19 | |
| Enter hero's abilities submenu | 6 | |
| Give item / drop item | 3 | |
| Right click | 1341 | |
| Select / deselect | 610 | |
| Select group hotkey | 152 | |
| Use ability | 98 | |
2396 total
» units
| Acolyte | 15 | |
| Ghoul | 10 | |
| Frost Wyrm | 13 | |
| Blue Dragon Whelp | 1 | |
| Goblin Zeppelin | 1 | |
40 total
» upgrades
| Creature Attack | 3 | |
| Freezing Breath | 1 | |
| Creature Carapace | 1 | |
| Ghoul Frenzy | 1 | |
6 total
» buildings
| Altar of Darkness | 1 | |
| Crypt | 1 | |
| Ziggurat | 14 | |
| Tomb of Relics | 1 | |
| Graveyard | 1 | |
| Nerubian Tower | 2 | |
| Halls of the Dead | 1 | |
| Sacrificial Pit | 1 | |
| Black Citadel | 1 | |
| Spirit Tower | 1 | |
| Boneyard | 3 | |
| Necropolis | 2 | |
29 total
» build order
00:07 Altar of Darkness
00:11 Crypt
00:27 Ziggurat
00:57 Tomb of Relics
01:24 Ziggurat
01:45 Graveyard
02:09 Nerubian Tower
02:29 Nerubian Tower
03:10 Halls of the Dead
04:27 Ziggurat
04:28 Ziggurat
04:29 Ziggurat
05:43 Sacrificial Pit
06:11 Black Citadel
06:48 Ziggurat
06:49 Ziggurat
08:07 Spirit Tower
08:38 Boneyard
08:42 Boneyard
09:08 Boneyard
10:27 Ziggurat
10:29 Ziggurat
19:41 Necropolis
22:55 Ziggurat
22:56 Ziggurat
22:58 Ziggurat
22:59 Ziggurat
23:00 Ziggurat
30:55 Necropolis
» items
| Rod of Necromancy | 2 | |
| Dust of Appearance | 1 | |
| Potion of Mana | 1 | |
| Potion of Healing | 2 | |
| Orb of Corruption | 2 | |
| Potion of Lesser Invulnerability | 2 | |
| Scroll of Town Portal | 1 | |
11 total
nitr0o (
red | 44 APM | 1495 actions | 33:58)
3 Shadow Hunter
1 Serpent Ward
2 Healing Wave
3 Tauren Chieftain
1 War Stomp
1 Endurance Aura
1 Shockwave
» actions
| Assign group hotkey | 37 | |
| Basic commands | 1 | |
| Build / train | 76 | |
| Enter build submenu | 33 | |
| Enter hero's abilities submenu | 6 | |
| Give item / drop item | 1 | |
| Remove unit from queue | 3 | |
| Right click | 679 | |
| Select / deselect | 405 | |
| Select group hotkey | 174 | |
| Use ability | 79 | |
1495 total
» units
| Peon | 17 | |
| Grunt | 3 | |
| Wind Rider | 4 | |
| Raider | 17 | |
| Kodo Beast | 3 | |
44 total
» upgrades
| Spiked Barricades | 3 | |
| Ranged Weapons | 2 | |
| Ensnare | 1 | |
| Armor | 3 | |
| Melee Weapons | 3 | |
| War Drums Damage Increase | 1 | |
13 total
» buildings
| Altar of Storms | 1 | |
| Orc Burrow | 9 | |
| Voodoo Lounge | 1 | |
| War Mill | 1 | |
| Watch Tower | 12 | |
| Barracks | 1 | |
| Stronghold | 1 | |
| Beastiary | 2 | |
| Fortress | 1 | |
| Great Hall | 1 | |
30 total
» build order
00:39 Altar of Storms
00:45 Orc Burrow
01:03 Voodoo Lounge
01:39 War Mill
02:27 Orc Burrow
03:18 Watch Tower
04:35 Watch Tower
05:07 Barracks
05:17 Watch Tower
06:00 Watch Tower
07:00 Stronghold
07:12 Orc Burrow
07:23 Watch Tower
08:08 Watch Tower
09:20 Orc Burrow
09:44 Beastiary
10:15 Orc Burrow
10:37 Beastiary
11:20 Orc Burrow
12:29 Orc Burrow
13:15 Fortress
13:28 Orc Burrow
15:43 Orc Burrow
21:41 Great Hall
22:44 Watch Tower
23:29 Watch Tower
25:04 Watch Tower
27:14 Watch Tower
29:11 Watch Tower
30:21 Watch Tower
» items
| Healing Salve | 2 | |
| Lesser Clarity Potion | 1 | |
| Scroll of Speed | 1 | |
| Scroll of Town Portal | 1 | |
| Dust of Appearance | 1 | |
6 total
pate (
blue | 41 APM | 1409 actions | 33:59)
3 Shadow Hunter
1 Serpent Ward
1 Healing Wave
1 Hex
1 Firelord
1 Summon Lava Spawn
» actions
| Assign group hotkey | 8 | |
| Basic commands | 1 | |
| Build / train | 64 | |
| Enter build submenu | 16 | |
| Enter hero's abilities submenu | 4 | |
| Remove unit from queue | 1 | |
| Right click | 941 | |
| Select / deselect | 213 | |
| Select group hotkey | 96 | |
| Use ability | 64 | |
1409 total
» units
| Peon | 10 | |
| Goblin Shredder | 1 | |
| Troll Batrider | 36 | |
| Mur'gul Snarecaster | 2 | |
49 total
» upgrades
| Ranged Weapons | 3 | |
| Armor | 3 | |
| Liquid Fire | 1 | |
7 total
» buildings
| Altar of Storms | 1 | |
| Orc Burrow | 8 | |
| War Mill | 1 | |
| Voodoo Lounge | 1 | |
| Watch Tower | 3 | |
| Stronghold | 1 | |
| Beastiary | 3 | |
| Fortress | 1 | |
19 total
» build order
00:17 Altar of Storms
00:29 Orc Burrow
02:14 Orc Burrow
02:50 War Mill
03:41 Voodoo Lounge
05:11 Watch Tower
05:12 Watch Tower
05:50 Stronghold
07:12 Orc Burrow
08:26 Beastiary
08:28 Beastiary
10:12 Beastiary
10:21 Orc Burrow
10:27 Orc Burrow
10:27 Orc Burrow
15:53 Orc Burrow
15:54 Orc Burrow
17:52 Fortress
27:23 Watch Tower
Scmusebaer (
yellow | 41 APM | 1389 actions | 34:06)
3 Shadow Hunter
2 Serpent Ward
1 Healing Wave
» actions
| Build / train | 66 | |
| Enter build submenu | 22 | |
| Enter hero's abilities submenu | 3 | |
| Give item / drop item | 1 | |
| Remove unit from queue | 1 | |
| Right click | 797 | |
| Select / deselect | 420 | |
| Use ability | 77 | |
1389 total
» units
| Peon | 8 | |
| Grunt | 10 | |
| Blue Drake | 1 | |
| Troll Witch Doctor | 7 | |
| Shaman | 7 | |
| Raider | 3 | |
| Demolisher | 6 | |
42 total
» upgrades
| Armor | 2 | |
| Melee Weapons | 2 | |
| Berserker Strength | 1 | |
| Shaman Training | 2 | |
| Witch Doctor Training | 2 | |
| Ensnare | 1 | |
| Ranged Weapons | 2 | |
| Burning Oil | 1 | |
13 total
» buildings
| Altar of Storms | 1 | |
| Orc Burrow | 9 | |
| Barracks | 1 | |
| War Mill | 1 | |
| Stronghold | 1 | |
| Voodoo Lounge | 1 | |
| Watch Tower | 1 | |
| Spirit Lodge | 2 | |
| Fortress | 1 | |
| Beastiary | 1 | |
| Great Hall | 2 | |
21 total
» build order
00:10 Altar of Storms
00:14 Orc Burrow
00:32 Barracks
01:46 Orc Burrow
02:27 War Mill
05:49 Orc Burrow
08:07 Stronghold
08:51 Voodoo Lounge
08:56 Watch Tower
09:06 Orc Burrow
11:13 Spirit Lodge
11:15 Fortress
11:21 Spirit Lodge
12:47 Orc Burrow
12:51 Orc Burrow
16:34 Beastiary
21:30 Orc Burrow
21:41 Great Hall
24:46 Great Hall
25:48 Orc Burrow
26:46 Orc Burrow
» items
| Scroll of Town Portal | 2 | |
| Potion of Mana | 1 | |
| Potion of Healing | 1 | |
| Orb of Lightning | 1 | |
5 total
team 2 (winner)
christmaswig (
pink | 107 APM | 3662 actions | 34:15)
5 Warden
3 Shadow Strike
2 Blink
1 Pandaren Brewmaster
1 Breath of Fire
1 Pit Lord
1 Rain of Fire
» actions
| Assign group hotkey | 18 | |
| Basic commands | 7 | |
| Build / train | 80 | |
| Enter build submenu | 27 | |
| Enter hero's abilities submenu | 7 | |
| Give item / drop item | 4 | |
| Right click | 2526 | |
| Select / deselect | 408 | |
| Select group hotkey | 410 | |
| Use ability | 173 | |
3662 total
» units
» upgrades
| Ultravision | 1 | |
| Well Spring | 1 | |
| Nature's Blessing | 1 | |
| Strength of the Wild | 1 | |
4 total
» buildings
| Altar of Elders | 1 | |
| Moon Well | 30 | |
| Hunter's Hall | 1 | |
| Tree of Ages | 1 | |
| Tree of Life | 3 | |
| Tree of Eternity | 1 | |
| Ancient of Wonders | 2 | |
39 total
» build order
00:09 Altar of Elders
00:18 Moon Well
01:02 Moon Well
01:14 Moon Well
02:18 Hunter's Hall
02:23 Moon Well
04:04 Moon Well
04:47 Moon Well
04:47 Moon Well
05:05 Moon Well
06:17 Tree of Ages
07:05 Moon Well
07:07 Moon Well
08:03 Tree of Life
09:27 Tree of Life
13:39 Tree of Eternity
16:07 Moon Well
16:08 Moon Well
16:09 Moon Well
16:09 Moon Well
16:11 Moon Well
16:12 Moon Well
16:14 Moon Well
16:14 Moon Well
16:18 Moon Well
16:18 Moon Well
16:19 Moon Well
16:20 Moon Well
16:26 Moon Well
16:27 Moon Well
16:28 Moon Well
16:29 Moon Well
16:30 Moon Well
16:30 Moon Well
16:31 Moon Well
16:31 Moon Well
27:35 Tree of Life
30:11 Ancient of Wonders
30:16 Ancient of Wonders
» items
| Healing Salve | 2 | |
| Lesser Clarity Potion | 1 | |
| Boots of Speed | 3 | |
| Staff of Teleportation | 3 | |
| Orb of Lightning | 3 | |
| Staff of Sanctuary | 3 | |
15 total
MistletoeNWhine (
orange | 108 APM | 3701 actions | 34:14)
6 Blademaster
2 Wind Walk
3 Critical Strike
1 Bladestorm
» actions
| Assign group hotkey | 150 | |
| Basic commands | 46 | |
| Build / train | 73 | |
| ESC pressed | 1 | |
| Enter build submenu | 20 | |
| Enter hero's abilities submenu | 6 | |
| Give item / drop item | 15 | |
| Right click | 2385 | |
| Select / deselect | 265 | |
| Select group hotkey | 531 | |
| Use ability | 207 | |
3701 total
» units
| Peon | 21 | |
| Troll Batrider | 16 | |
| Kodo Beast | 1 | |
38 total
» upgrades
| Liquid Fire | 1 | |
| Ranged Weapons | 2 | |
| Armor | 2 | |
5 total
» buildings
| Altar of Storms | 1 | |
| Orc Burrow | 4 | |
| War Mill | 1 | |
| Voodoo Lounge | 4 | |
| Stronghold | 2 | |
| Beastiary | 4 | |
| Watch Tower | 3 | |
| Fortress | 4 | |
23 total
» build order
00:04 Altar of Storms
00:07 Orc Burrow
00:49 War Mill
01:29 Orc Burrow
02:09 Voodoo Lounge
04:29 Stronghold
04:29 Stronghold
05:40 Orc Burrow
05:41 Orc Burrow
06:35 Voodoo Lounge
06:37 Voodoo Lounge
06:38 Voodoo Lounge
06:51 Beastiary
06:52 Beastiary
07:01 Watch Tower
07:02 Watch Tower
07:03 Watch Tower
09:26 Fortress
09:27 Fortress
09:27 Fortress
09:27 Fortress
16:18 Beastiary
16:19 Beastiary
» items
| Boots of Speed | 1 | |
| Staff of Teleportation | 1 | |
| Healing Salve | 4 | |
| Lesser Clarity Potion | 4 | |
| Circlet of Nobility | 1 | |
| Orb of Lightning | 1 | |
| Scroll of Town Portal | 2 | |
14 total
PwnerOfNoobs (
teal | 117 APM | 4015 actions | 34:14)
6 Archmage
2 Summon Water Elemental
3 Brilliance Aura
1 Blizzard
4 Mountain King
2 Storm Bolt
2 Bash
3 Paladin
2 Holy Light
1 Divine Shield
» actions
| Assign group hotkey | 12 | |
| Basic commands | 62 | |
| Build / train | 142 | |
| ESC pressed | 4 | |
| Enter build submenu | 115 | |
| Enter hero's abilities submenu | 15 | |
| Give item / drop item | 23 | |
| Right click | 1478 | |
| Select / deselect | 372 | |
| Select group hotkey | 1427 | |
| Use ability | 365 | |
4015 total
» units
| Peasant | 26 | |
| Dragonhawk Rider | 2 | |
28 total
» upgrades
» buildings
| Lumber Mill | 2 | |
| Farm | 4 | |
| Altar of Kings | 1 | |
| Scout Tower | 210 | |
| Arcane Tower | 8 | |
| Guard Tower | 62 | |
| Keep | 1 | |
| Town Hall | 1 | |
| Castle | 1 | |
| Arcane Sanctum | 1 | |
| Arcane Vault | 2 | |
| Gryphon Aviary | 5 | |
298 total
» build order
00:31 Lumber Mill
00:33 Farm
00:54 Altar of Kings
00:55 Scout Tower
01:22 Arcane Tower
01:28 Scout Tower
01:33 Scout Tower
01:56 Guard Tower
02:07 Guard Tower
02:07 Guard Tower
02:07 Guard Tower
02:18 Farm
02:22 Scout Tower
02:31 Scout Tower
02:33 Scout Tower
02:59 Guard Tower
03:04 Guard Tower
03:04 Guard Tower
03:04 Guard Tower
03:04 Guard Tower
03:08 Scout Tower
03:09 Scout Tower
03:10 Scout Tower
04:04 Guard Tower
04:06 Scout Tower
04:23 Guard Tower
04:25 Scout Tower
04:30 Guard Tower
04:53 Guard Tower
05:34 Guard Tower
05:35 Scout Tower
05:36 Scout Tower
05:38 Scout Tower
05:38 Scout Tower
05:47 Guard Tower
05:50 Keep
06:09 Guard Tower
06:32 Arcane Tower
06:36 Guard Tower
06:38 Scout Tower
06:38 Scout Tower
06:42 Scout Tower
06:43 Scout Tower
07:00 Town Hall
07:09 Scout Tower
07:10 Scout Tower
07:10 Scout Tower
07:11 Scout Tower
07:27 Guard Tower
07:44 Guard Tower
07:49 Scout Tower
07:49 Scout Tower
07:51 Scout Tower
07:53 Scout Tower
08:07 Guard Tower
08:10 Arcane Tower
08:10 Arcane Tower
08:11 Arcane Tower
08:11 Arcane Tower
08:46 Guard Tower
08:49 Scout Tower
08:50 Scout Tower
08:51 Castle
09:09 Guard Tower
09:11 Scout Tower
09:12 Scout Tower
09:14 Arcane Sanctum
09:22 Guard Tower
09:26 Scout Tower
09:27 Scout Tower
09:44 Guard Tower
10:30 Guard Tower
10:31 Scout Tower
10:32 Scout Tower
10:33 Scout Tower
10:33 Scout Tower
10:34 Scout Tower
10:35 Scout Tower
10:35 Scout Tower
10:36 Scout Tower
10:53 Scout Tower
10:54 Scout Tower
10:55 Scout Tower
10:55 Scout Tower
11:17 Scout Tower
11:17 Scout Tower
11:18 Scout Tower
11:19 Scout Tower
11:19 Scout Tower
11:49 Guard Tower
12:22 Guard Tower
12:25 Arcane Vault
12:44 Guard Tower
12:45 Scout Tower
12:46 Scout Tower
12:47 Scout Tower
12:47 Scout Tower
13:26 Guard Tower
13:30 Scout Tower
13:30 Scout Tower
13:31 Scout Tower
13:32 Scout Tower
13:36 Farm
13:37 Farm
13:40 Gryphon Aviary
13:41 Gryphon Aviary
13:42 Gryphon Aviary
13:44 Gryphon Aviary
13:45 Gryphon Aviary
13:47 Arcane Vault
13:52 Guard Tower
13:53 Scout Tower
13:54 Scout Tower
15:07 Guard Tower
15:08 Scout Tower
15:09 Scout Tower
15:09 Scout Tower
15:10 Scout Tower
15:57 Guard Tower
16:01 Scout Tower
16:03 Scout Tower
16:12 Guard Tower
16:13 Scout Tower
16:14 Scout Tower
16:15 Scout Tower
16:15 Scout Tower
16:29 Guard Tower
16:32 Scout Tower
16:32 Scout Tower
16:35 Scout Tower
16:36 Scout Tower
16:42 Guard Tower
16:43 Scout Tower
16:43 Scout Tower
16:44 Scout Tower
16:45 Scout Tower
17:26 Guard Tower
17:27 Scout Tower
17:27 Scout Tower
17:28 Scout Tower
17:28 Scout Tower
18:27 Guard Tower
18:31 Scout Tower
18:31 Scout Tower
18:32 Scout Tower
18:32 Scout Tower
18:34 Guard Tower
18:36 Scout Tower
18:39 Scout Tower
18:39 Scout Tower
18:40 Scout Tower
19:55 Guard Tower
19:56 Scout Tower
19:56 Scout Tower
19:57 Scout Tower
19:58 Scout Tower
19:58 Scout Tower
19:59 Scout Tower
20:55 Guard Tower
20:58 Scout Tower
20:59 Scout Tower
21:00 Scout Tower
21:01 Scout Tower
21:02 Scout Tower
21:03 Scout Tower
21:23 Guard Tower
21:24 Scout Tower
21:25 Scout Tower
21:25 Scout Tower
21:26 Scout Tower
21:27 Scout Tower
21:27 Scout Tower
21:28 Scout Tower
21:28 Scout Tower
21:29 Scout Tower
21:30 Scout Tower
21:30 Scout Tower
21:31 Scout Tower
21:32 Scout Tower
22:48 Scout Tower
22:49 Scout Tower
22:50 Scout Tower
22:51 Scout Tower
22:52 Scout Tower
22:53 Scout Tower
22:53 Scout Tower
22:54 Scout Tower
22:57 Scout Tower
22:57 Scout Tower
22:59 Guard Tower
23:38 Guard Tower
23:42 Guard Tower
24:07 Scout Tower
24:08 Scout Tower
24:09 Scout Tower
24:09 Scout Tower
24:10 Scout Tower
24:26 Guard Tower
24:29 Scout Tower
24:30 Scout Tower
24:31 Scout Tower
24:32 Scout Tower
24:33 Scout Tower
24:33 Scout Tower
24:34 Scout Tower
24:36 Scout Tower
24:37 Scout Tower
24:38 Scout Tower
24:38 Scout Tower
24:39 Scout Tower
24:39 Scout Tower
26:09 Scout Tower
26:09 Scout Tower
26:10 Scout Tower
26:10 Scout Tower
26:11 Scout Tower
26:12 Scout Tower
26:12 Scout Tower
26:13 Scout Tower
26:14 Scout Tower
26:14 Scout Tower
26:15 Scout Tower
26:15 Scout Tower
26:17 Scout Tower
26:18 Scout Tower
26:18 Scout Tower
26:19 Scout Tower
26:20 Scout Tower
26:22 Scout Tower
26:22 Scout Tower
26:23 Scout Tower
26:24 Scout Tower
26:25 Scout Tower
26:26 Scout Tower
26:28 Scout Tower
26:29 Scout Tower
26:29 Scout Tower
26:31 Scout Tower
26:31 Scout Tower
26:32 Scout Tower
26:33 Scout Tower
26:34 Scout Tower
26:36 Scout Tower
26:36 Scout Tower
26:37 Scout Tower
26:39 Scout Tower
26:44 Guard Tower
26:47 Guard Tower
26:49 Scout Tower
26:50 Scout Tower
26:50 Scout Tower
26:51 Scout Tower
26:52 Scout Tower
26:52 Scout Tower
26:53 Scout Tower
26:54 Scout Tower
27:04 Guard Tower
27:05 Guard Tower
27:05 Guard Tower
27:34 Guard Tower
27:36 Scout Tower
27:37 Scout Tower
27:37 Scout Tower
27:38 Scout Tower
27:49 Guard Tower
27:50 Scout Tower
27:51 Scout Tower
27:51 Scout Tower
27:52 Scout Tower
27:52 Scout Tower
27:53 Scout Tower
29:10 Guard Tower
29:25 Guard Tower
29:28 Guard Tower
29:32 Scout Tower
29:34 Scout Tower
29:35 Scout Tower
29:35 Scout Tower
30:52 Guard Tower
30:53 Scout Tower
30:54 Scout Tower
30:54 Scout Tower
30:55 Scout Tower
30:55 Scout Tower
30:55 Scout Tower
30:59 Guard Tower
31:00 Scout Tower
31:01 Scout Tower
31:01 Scout Tower
31:02 Scout Tower
31:11 Guard Tower
31:14 Guard Tower
32:00 Guard Tower
33:56 Guard Tower
33:58 Lumber Mill
» items
| Staff of Teleportation | 3 | |
| Boots of Speed | 3 | |
| Orb of Lightning | 4 | |
| Staff of Sanctuary | 3 | |
| Tome of Retraining | 1 | |
14 total
WigNau (
green | 114 APM | 3913 actions | 34:14)
5 Mountain King
3 Storm Bolt
2 Bash
4 Paladin
2 Holy Light
2 Divine Shield
3 Blood Mage
2 Banish
1 Siphon Mana
» actions
| Assign group hotkey | 286 | |
| Basic commands | 35 | |
| Build / train | 137 | |
| Enter build submenu | 99 | |
| Enter hero's abilities submenu | 13 | |
| Give item / drop item | 12 | |
| Right click | 1785 | |
| Select / deselect | 400 | |
| Select group hotkey | 875 | |
| Use ability | 269 | |
3913 total
» units
| Peasant | 19 | |
| Goblin Zeppelin | 3 | |
| Mortar Team | 1 | |
| Sorceress | 1 | |
24 total
» upgrades
| Masonry | 3 | |
| Lumber Harvesting | 2 | |
| Magic Sentry | 1 | |
| Swords | 2 | |
| Armor | 2 | |
| Animal War Training | 1 | |
| Cloud | 1 | |
| Storm Hammers | 1 | |
| Sorceress Training | 2 | |
| Priest Training | 2 | |
| Fragmentation Shards | 1 | |
| Flare | 1 | |
19 total
» buildings
| Altar of Kings | 1 | |
| Farm | 3 | |
| Lumber Mill | 1 | |
| Scout Tower | 143 | |
| Arcane Tower | 15 | |
| Guard Tower | 46 | |
| Keep | 1 | |
| Arcane Vault | 2 | |
| Town Hall | 3 | |
| Castle | 1 | |
| Arcane Sanctum | 1 | |
| Gryphon Aviary | 1 | |
| Barracks | 1 | |
| Blacksmith | 2 | |
| Workshop | 1 | |
222 total
» build order
00:05 Altar of Kings
00:19 Farm
00:42 Farm
01:10 Lumber Mill
01:14 Scout Tower
01:24 Scout Tower
01:29 Scout Tower
01:37 Farm
01:38 Scout Tower
01:43 Arcane Tower
01:49 Scout Tower
02:10 Scout Tower
02:10 Arcane Tower
02:13 Arcane Tower
02:13 Arcane Tower
02:14 Arcane Tower
02:18 Scout Tower
02:31 Guard Tower
02:42 Arcane Tower
02:47 Guard Tower
02:50 Scout Tower
02:59 Guard Tower
03:50 Scout Tower
03:54 Keep
04:33 Scout Tower
04:35 Scout Tower
04:35 Scout Tower
04:36 Guard Tower
05:12 Guard Tower
05:19 Scout Tower
05:20 Scout Tower
05:21 Scout Tower
05:22 Scout Tower
05:23 Guard Tower
05:32 Arcane Vault
05:39 Guard Tower
05:40 Scout Tower
05:58 Town Hall
06:03 Town Hall
06:51 Guard Tower
06:54 Scout Tower
06:55 Scout Tower
07:12 Guard Tower
07:14 Scout Tower
07:15 Scout Tower
07:47 Castle
08:05 Guard Tower
08:06 Scout Tower
08:10 Scout Tower
08:11 Scout Tower
08:12 Scout Tower
08:13 Scout Tower
08:30 Arcane Tower
08:31 Scout Tower
08:34 Scout Tower
08:35 Scout Tower
08:43 Scout Tower
09:14 Guard Tower
09:16 Scout Tower
09:27 Arcane Tower
09:36 Arcane Sanctum
09:41 Arcane Tower
09:42 Scout Tower
09:43 Scout Tower
09:43 Scout Tower
09:44 Guard Tower
09:59 Scout Tower
10:00 Guard Tower
10:01 Scout Tower
10:02 Scout Tower
10:47 Guard Tower
10:53 Scout Tower
10:54 Scout Tower
10:55 Scout Tower
11:00 Guard Tower
11:01 Scout Tower
11:02 Scout Tower
11:10 Arcane Vault
11:13 Scout Tower
11:15 Scout Tower
11:25 Guard Tower
11:52 Guard Tower
11:54 Arcane Tower
11:55 Guard Tower
12:11 Scout Tower
12:14 Scout Tower
12:14 Scout Tower
12:15 Scout Tower
12:15 Scout Tower
12:16 Guard Tower
12:46 Guard Tower
12:48 Scout Tower
12:50 Scout Tower
12:51 Scout Tower
12:52 Scout Tower
13:31 Guard Tower
13:32 Scout Tower
13:33 Scout Tower
13:33 Scout Tower
13:36 Scout Tower
13:37 Scout Tower
13:44 Gryphon Aviary
13:46 Barracks
13:47 Blacksmith
16:04 Guard Tower
16:06 Scout Tower
16:07 Scout Tower
16:08 Scout Tower
16:11 Scout Tower
16:11 Scout Tower
16:12 Scout Tower
16:13 Scout Tower
16:14 Scout Tower
16:16 Scout Tower
17:00 Blacksmith
17:03 Guard Tower
17:04 Scout Tower
17:05 Scout Tower
18:30 Guard Tower
18:31 Scout Tower
18:32 Scout Tower
18:34 Scout Tower
18:34 Scout Tower
18:35 Scout Tower
18:38 Guard Tower
18:40 Scout Tower
18:41 Scout Tower
18:42 Scout Tower
18:44 Guard Tower
18:50 Scout Tower
18:51 Scout Tower
18:51 Scout Tower
19:37 Arcane Tower
21:04 Guard Tower
21:08 Scout Tower
21:10 Scout Tower
21:11 Scout Tower
21:17 Arcane Tower
21:18 Guard Tower
21:23 Scout Tower
21:24 Scout Tower
21:25 Scout Tower
21:27 Guard Tower
21:29 Scout Tower
21:29 Scout Tower
21:30 Scout Tower
21:31 Scout Tower
21:34 Scout Tower
21:35 Scout Tower
21:36 Scout Tower
22:18 Scout Tower
22:20 Arcane Tower
22:54 Guard Tower
22:54 Guard Tower
22:55 Scout Tower
23:22 Guard Tower
23:34 Guard Tower
23:44 Scout Tower
23:46 Scout Tower
23:47 Scout Tower
23:48 Scout Tower
23:49 Scout Tower
23:50 Scout Tower
23:51 Scout Tower
23:53 Scout Tower
23:54 Scout Tower
23:55 Scout Tower
23:56 Scout Tower
23:57 Scout Tower
23:58 Scout Tower
23:59 Scout Tower
24:41 Guard Tower
24:44 Scout Tower
24:45 Scout Tower
24:46 Scout Tower
25:27 Town Hall
25:32 Scout Tower
25:33 Scout Tower
25:33 Scout Tower
25:34 Scout Tower
25:35 Scout Tower
25:35 Scout Tower
25:36 Scout Tower
25:36 Scout Tower
25:40 Scout Tower
25:40 Scout Tower
25:41 Scout Tower
25:41 Scout Tower
25:42 Scout Tower
25:42 Scout Tower
25:43 Scout Tower
25:44 Scout Tower
25:44 Scout Tower
25:46 Scout Tower
25:47 Scout Tower
25:47 Scout Tower
25:49 Scout Tower
25:50 Scout Tower
25:53 Scout Tower
25:54 Scout Tower
26:01 Arcane Tower
26:02 Guard Tower
26:14 Guard Tower
26:17 Scout Tower
26:19 Scout Tower
26:51 Guard Tower
26:54 Guard Tower
27:01 Arcane Tower
27:02 Guard Tower
27:57 Workshop
28:27 Guard Tower
28:33 Guard Tower
28:51 Guard Tower
29:30 Guard Tower
29:33 Scout Tower
29:33 Scout Tower
29:35 Scout Tower
29:38 Guard Tower
30:06 Guard Tower
31:02 Guard Tower
31:04 Scout Tower
31:05 Scout Tower
» items
| Healing Salve | 1 | |
| Boots of Speed | 3 | |
| Staff of Teleportation | 3 | |
| Staff of Sanctuary | 3 | |
| Orb of Lightning | 3 | |
| Periapt of Vitality | 1 | |
14 total
Chat log
(00:07 / All) PwnerOfNoobs: pls, quit
(00:24 / All) PwnerOfNoobs: 3x orc undead what could they be doing
(00:59 / All) pate: looks like youre the only one playing rightnow ;D
(01:21 / All) WigNau: it just looks like it because you're so bad
(01:27 / All) WigNau: 1 team game really
(01:33 / All) Scmusebaer: wow
(04:25 / All) christmaswig: did that work>>
(04:29 / All) PwnerOfNoobs: bye
(04:33 / All) pate: not at all
(04:36 / All) christmaswig: see ya
(04:37 / All) MistletoeNWhine: out my game scrub
(04:39 / All) PwnerOfNoobs: yes,
(04:47 / All) MistletoeNWhine: quit now. save yourself the embarrassment
(05:00 / All) pate: ;-*
(05:02 / All) Scmusebaer: please tell more of these cool phrases
(05:18 / All) MistletoeNWhine: mmmh.. how about??? SUCKY MEIN DICEK
(05:28 / All) christmaswig: "raytheon dango my doggy dongo"
(06:09 / All) MistletoeNWhine: peace scrub
(07:34 / All) christmaswig: hey
(07:36 / All) christmaswig: you guys are shit
(09:35 / All) MistletoeNWhine: so uhh whats the plan here
(09:42 / All) PwnerOfNoobs: lose game. .
(09:42 / All) MistletoeNWhine: now you have 3 worthless wardmen
(09:49 / All) christmaswig: i have worthful warden
(14:27 / All) christmaswig: oh boy
(14:31 / All) PwnerOfNoobs: bye
(15:17 / All) nightfir3: n1 Warden
(27:17 / All) MistletoeNWhine: peace
(27:19 / Allies) PwnerOfNoobs: why don't you idiots like to expand
(28:32 / All) PwnerOfNoobs: you guys are so fucking bad at this game, why are you playing it
(28:34 / All) Scmusebaer: tower fetish ?
(28:39 / All) PwnerOfNoobs: it's 2013 this game hasn't been relevant in like 7+ years
(32:23 / All) MistletoeNWhine: think of all u have lost
(32:25 / All) MistletoeNWhine: have u gained anything
(32:27 / All) MistletoeNWhine: have u killed anything
(34:01 / All) MistletoeNWhine: rofl
(34:02 / All) MistletoeNWhine: bye
(34:02 / All) PwnerOfNoobs: bye retards
(34:06 / All) christmaswig: hiperch.net